 Dungeon Crawl Stone Soup version 0.28.0-53-g5a82cb258f (webtiles) character file.

Game seed: 5285248345854989382

3101 Peloso the Carver (level 9, -5/79 HPs)
             Began as a Minotaur Fighter on June 28, 2022.
             Killed from afar by a steam dragon (14 damage)
             ... with a ball of steam
             ... on level 8 of the Dungeon.
             The game lasted 00:13:44 (6842 turns).

Peloso the Carver (Minotaur Fighter)                Turns: 6842, Time: 00:13:45

Health: -5/79      AC: 18    Str: 22    XL:     9   Next: 59%
Magic:  8/8        EV:  8    Int:  5    God:
Gold:   316        SH:  5    Dex: 13    Spells: 8/8 levels left

rFire   . . .      SeeInvis +   a - +0 long sword (protect)
rCold   . . .      Faith    .   c - +0 buckler
rNeg    . . .      Spirit   .   p - +0 chain mail
rPois   .          Reflect  .   (helmet restricted)
rElec   .          Harm     .   k - +2 cloak
rCorr   .          Rampage  .   (no gloves)
Will    .....                   (no boots)
Stlth   ..........              (no amulet)
HPRegen 0.23/turn               w - +4 ring of protection
MPRegen 0.11/turn               x - ring of see invisible

@: about to teleport
A: horns 2, retaliatory headbutt
a: no special abilities


You were on level 8 of the Dungeon.
You visited 1 branch of the dungeon, and saw 8 of its levels.
You also visited: Ossuary.

You collected 407 gold pieces.
You spent 91 gold pieces at shops.

Inventory:

Hand Weapons
 a - a +0 long sword of protection (weapon)
Missiles
 j - 2 throwing nets (quivered)
Armour
 b - a +1 scale mail of cold resistance
 c - a +0 buckler (worn)
 k - a +2 cloak (worn)
 p - a +0 chain mail (worn)
Jewellery
 i - a ring of positive energy
 w - a +4 ring of protection (left hand)
 x - a ring of see invisible (right hand)
Wands
 g - a wand of polymorph (6)
 v - a wand of iceblast (7)
Scrolls
 d - a scroll of fear {unknown}
 e - a scroll of fog
 s - 2 scrolls of blinking
 y - a scroll of noise {unknown}
 A - 2 scrolls of magic mapping
Potions
 f - 2 potions of haste
 h - 2 potions of ambrosia
 l - 2 potions of brilliance {unknown}
 m - a potion of degeneration {unknown}
 o - 2 potions of resistance {unknown}
 q - a potion of invisibility {unknown}
 r - 10 potions of curing
 t - a potion of might
 z - a potion of lignification {unknown}


   Skills:
 + Level 7.5 Fighting
 + Level 11.1 Long Blades
 + Level 8.6 Armour
 + Level 2.1 Dodging
 + Level 0.7 Stealth
 + Level 6.5 Shields


You had 8 spell levels left.
You didn't know any spells.
Your spell library contained the following spells:

 Spells                   Type           Power      Damage    Failure   Level
 Blink                    Tloc           0%         N/A       100%        2
 Call Canine Familiar     Summ           0%         N/A       100%        3
 Dazzling Flash           Conj/Hex       0%         N/A       100%        3
 Lesser Beckoning         Tloc           0%         N/A       100%        3
 Ozocubu's Armour         Ice            0%         N/A       100%        3
 Portal Projectile        Hex/Tloc       0%         N/A       100%        3
 Leda's Liquefaction      Hex/Erth       0%         N/A       100%        4
 Agony                    Necr           0%         N/A       100%        5
 Manifold Assault         Tloc           0%         N/A       100%        5
 Metabolic Englaciation   Hex/Ice        0%         N/A       100%        5
 Silence                  Hex/Air        0%         N/A       100%        5
 Simulacrum               Ice/Necr       0%         N/A       100%        6


Dungeon Overview and Level Annotations

Branches:
Dungeon (8/15)             Temple (0/1) D:4         Ossuary (visited)
   Lair: D:8-11

Altars:
Dithmenos
Gozag
Hepliaklqana
Qazlal
Uskayaw
Wu Jian
Xom

Shops:
D:4 !   D:6 (


Innate Abilities, Weirdness & Mutations

You have a pair of horns on your head.
You reflexively headbutt those who attack you in melee.


Message History

Found 26 gold pieces, a scroll of fog and a book of the Moon.
The steam dragon hisses angrily.
The killer bee buzzes angrily.
The sky beast flickers out of sight for a moment.
A steam dragon comes into view.
As you read the scroll of teleportation, it crumbles to dust.
You feel strangely unstable.
The steam dragon hisses angrily.
You block the killer bee's attack.
The killer bee stings you but does no damage.
Found 19 gold pieces.
The killer bee stings you but does no damage.
The sky beast flickers out of sight for a moment.
The killer bee barely misses you.
You slash the killer bee!
Your weapon exudes an aura of protection.
Your headbutt misses the killer bee.
The killer bee is almost dead.
The killer bee stings you but does no damage. x2
You miss the killer bee. Your headbutt misses the killer bee.
The killer bee is almost dead.
Your surroundings seem slightly different.
The steam dragon breathes steam at you. The ball of steam hits you!
* * * LOW HITPOINT WARNING * * *
The steam dragon breathes steam at you.
The ball of steam hits you but does no damage.
You are engulfed in a cloud of scalding steam.
As you read the scroll of teleportation, it crumbles to dust.
You feel strangely unstable. The steam dragon bites you.
* * * LOW HITPOINT WARNING * * *
The steam dragon claws you.
* * * LOW HITPOINT WARNING * * *
The sky beast is engulfed in a cloud of scalding steam.
You block the killer bee's attack.
The sky beast is engulfed in a cloud of scalding steam.
The sky beast flickers out of sight for a moment.
The killer bee stings you but does no damage.
The steam dragon breathes steam at you. The ball of steam hits you!
You die...

#..#≈≈≈.. .≈≈..
#...≈≈.$##.≈≈..# .
#...≈≈#:#$#≈≈..# ..
#...≈≈.##?.§§..##...
#...≈≈.$..§§≈#....
#..#≈≈≈..≈§§§...#
#...§§≈≈≈≈≈#§..#
#.....≈≈≈≈.y@.#
#.....#§D#.§.##
##......YYD.##
##....§##### #######


You could see 2 steam dragons, 2 sky beasts and a killer bee.

Vanquished Creatures
  6 yaks
  A water moccasin (D:5)
  An ice beast (D:6)
  A sky beast (D:6)
  A necrophage (D:4)
  2 ogres (D:6)
  A hornet zombie (D:6)
  A phantom (D:7)
  A kobold brigand (D:7)
  4 bullfrogs
  2 scorpions
  5 water moccasin zombies
  3 wights (D:5)
  A howler monkey (D:6)
  2 bullfrog zombies (D:6)
  2 orc priests
  4 hounds
  A centaur skeleton (D:7)
  3 orc wizards
  A hound skeleton (D:4)
  2 mummies (Ossuary)
  Robin (D:4)
  4 gnolls (D:2)
  4 adders
  A shadow imp (D:5)
  A white imp (D:6)
  An ufetubus (D:6)
  An adder skeleton (D:5)
  3 adder zombies (Ossuary)
  4 worms
  2 dart slugs
  20 orcs
  4 ball pythons
  7 endoplasms
  3 giant cockroaches
  5 gnoll zombies (Ossuary)
  8 hobgoblins
  13 kobolds
  3 quokkas
  4 bats
  2 frilled lizards (D:1)
  19 goblins
  7 hobgoblin zombies (Ossuary)
  7 kobold zombies (Ossuary)
  6 orc zombies (Ossuary)
  8 rats
183 creatures vanquished.

Vanquished Creatures (others)
  A frilled lizard (D:1)
  4 fungi
  8 plants (D:8)
13 creatures vanquished.

Grand Total: 196 creatures vanquished

Notes
Turn   | Place    | Note
-------+----------+-------------------------------------------
     0 | D:1      | Peloso the Minotaur Fighter began the quest for the Orb.
     0 | D:1      | Reached XP level 1. HP: 19/19 MP: 0/0
   190 | D:1      | Reached XP level 2. HP: 17/27 MP: 1/1
   959 | D:2      | Reached XP level 3. HP: 21/34 MP: 2/2
  1111 | D:2      | Reached skill level 3 in Long Blades
  1194 | D:2      | Reached XP level 4. HP: 22/41 MP: 3/3
  1681 | D:2      | Found a faded altar of an unknown god.
  2693 | D:3      | Reached XP level 5. HP: 26/47 MP: 4/4
  2695 | D:3      | Reached skill level 4 in Long Blades
  2984 | D:4      | Noticed Robin
  3005 | D:4      | Reached skill level 5 in Fighting
  3005 | D:4      | Reached skill level 5 in Armour
  3014 | D:4      | Killed Robin
  3015 | D:4      | Reached XP level 6. HP: 33/56 MP: 5/5
  3020 | D:4      | Found a staircase to the Ecumenical Temple.
  3042 | D:4      | You fall into a shaft and drop 3 floors!
  3073 | D:6      | Reached skill level 5 in Long Blades
  3099 | D:6      | Reached skill level 6 in Long Blades
  3109 | D:6      | Found Suoprew's Antique Weapon Boutique.
  3116 | D:5      | Entered Level 5 of the Dungeon
  3178 | D:4      | Found Ipinwe's Distillery.
  3243 | D:4      | Reached XP level 7. HP: 41/61 MP: 6/6
  3335 | D:4      | Found a sand-covered staircase.
  3343 | Ossuary  | Entered an ossuary
  3511 | Ossuary  | Reached skill level 7 in Long Blades
  3511 | Ossuary  | Reached skill level 5 in Shields
  3600 | D:4      | Bought a potion of curing for 39 gold pieces
  3600 | D:4      | Bought a potion of might for 52 gold pieces
  3714 | D:4      | Reached skill level 1 in Dodging
  3886 | D:4      | Found a hazy altar of Hepliaklqana.
  3951 | D:5      | Reached skill level 8 in Long Blades
  4177 | D:5      | Reached XP level 8. HP: 62/70 MP: 7/7
  4695 | D:6      | Reached skill level 9 in Long Blades
  5422 | D:7      | Reached XP level 9. HP: 77/78 MP: 8/8
  5493 | D:7      | Found a stormy altar of Qazlal.
  5664 | D:7      | Found a shimmering altar of Xom.
  5688 | D:7      | Found an opulent altar of Gozag.
  5688 | D:7      | Found an ornate altar of the Wu Jian Council.
  5690 | D:7      | Found a shadowy altar of Dithmenos.
  5692 | D:7      | Found a hide-covered altar of Uskayaw.
  5933 | D:7      | Reached skill level 10 in Long Blades
  6516 | D:7      | Reached skill level 11 in Long Blades
  6842 | D:8      | Killed from afar by a steam dragon

Illustrated notes

Levels and vault maps discovered:
D:1:      amcnicky_arrival_gap_in_the_tavern_cellar, layout_rooms,
          lemuel_flame_loot_1
D:2:      layout_loops_ring, shapermc_ecumenical_altar_mp_ritualfount
D:3:      minmay_diamond_boxcup, layout_loops_ring
D:4:      layout_rooms, kennysheep_mini, temple_pool_b, serial_shops,
          nicolae_shop_waterfront, nicolae_ossuary_entry_plus, st_stairs_8,
          minmay_circle_x, uniq_robin
D:5:      layout_rooms, amcnicky_mini_corridor_feature
D:6:      layout_cave_pools, serial_shops, nicolae_stop_n_shop_2
D:7:      layout_gridville, nicolae_qazlal_general_emergency, minitemple
D:8:      layout_basic, minmay_lair_entry_grove, serial_shops,
          kennysheep_mini_moat, hangedman_misty_isle

Skill      XL: |  1  2  3  4  5  6  7  8  9 |
---------------+----------------------------+-----
Armour         | 4 5 6 7 8 |  8.6
Fighting       | 4 5 6 7 |  7.5
Shields        | 4 5 6 |  6.5
Long Blades    | 3 4 6 8 9 11 | 11.1
Dodging        | 1 2 |  2.1
Stealth        | |  0.7

Action                   |  1- 3 |  4- 6 |  7- 9 || total
-------------------------+-------+-------+-------++-------
Melee: Long sword        |    56 |   143 |   342 ||   541
       Headbutt          |    10 |    20 |    64 ||    94
  Use: Potion            |     2 |     2 |       ||     4
       Scroll            |       |     7 |     6 ||    13
Armor: Scale mail        |    15 |    18 |       ||    33
       Chain mail        |       |   110 |   267 ||   377
Dodge: Dodged            |    27 |    65 |   115 ||   207
Block: Buckler           |    15 |    55 |    92 ||   162
